Map: Inside and Out

Players

LiquidElazer (Elazer)

  • Race: Zerg Zerg
  • Spawn Location: 1:00

Reynor - Winner!

  • Race: Zerg Zerg
  • League: Master
  • Spawn Location: 7:00

Event: HomeStory Cup XXII

VOD

Have the link to the VOD?

Description

Time

  • Played on: Dec. 16, 2022, 1:07 p.m.
  • Length: 8:37

All games in this series

Show
View Real Time Build Order
Export as new Build Order

LiquidElazer Zerg 

Build Orders: Hatch First 

Get SALT Encoding   

  12  0:00  Drone  
  13  0:11  Overlord  
  13  0:16  Drone  
  14  0:30  Drone x2  
  16  0:46  Hatchery  
  15  0:50  Drone  
  15  0:54  Drone  
  17  0:57  Drone  
  18  1:08  Extractor  
  17  1:12  Spawning Pool  
  17  1:15  Drone  
  17  1:18  Drone  
  18  1:27  Drone  
  19  1:38  Drone  
  20  1:48  Drone  
  21  1:59  Zergling x2, Queen x2  
  21  2:01  Overlord  
  26  2:08  Metabolic Boost  
  26  2:09  Drone  
  26  2:10  Drone  
  28  2:20  Zergling x2  
  28  2:21  Drone  
  30  2:32  Hatchery  
  30  2:35  Drone  
  30  2:38  Drone  
  30  2:43  Drone x2  
  33  2:49  Baneling Nest  
  32  2:52  Overlord  
  32  2:54  Drone  
  33  3:07  Drone x2  
  33  3:08  Drone, Overlord  
  33  3:12  Zergling x4  
  38  3:15  Zergling x2  
  38  3:18  Queen  
  41  3:21  Zergling x2  
  41  3:26  Zergling x6  
  45  3:32  Baneling  
  45  3:33  Baneling  
  44  3:35  Zergling x2  
  44  3:40  Zergling x10  
  49  3:48  Zergling x6  
  52  3:58  Overlord  
  52  4:00  Drone x2  
  51  4:07  Overlord  
  53  4:10  Drone x2  
  53  4:13  Drone x2  
  55  4:19  Drone  
  55  4:24  Drone x2  
  58  4:27  Drone  
  59  4:33  Drone x2  
  59  4:36  Overlord  
  59  4:37  Roach Warren  
  59  4:47  Drone x6, Extractor  
  59  4:50  Baneling x3  
  59  4:52  Overlord  
  64  4:53  Drone x3  
  64  4:55  Baneling x2  
  64  4:56  Zergling x4  
  68  5:01  Zergling x2  
  69  5:09  Overlord  
  69  5:10  Drone x4  
  73  5:14  Drone, Extractor  
  73  5:20  Roach x2  
  73  5:21  Roach  
  78  5:22  Spine Crawler x2  
  78  5:23  Roach x2  
  85  5:28  Roach x2  
  85  5:33  Roach x3  
  90  5:37  Roach x2  
  86  5:50  Roach x3  
  86  5:56  Roach  
  80  5:59  Queen  
  79  6:04  Roach x2  
  79  6:05  Zergling x10  
  79  6:06  Zergling x2  
  85  6:16  Extractor  
  80  6:18  Drone x3  
  80  6:24  Lair  
  84  6:25  Drone  
  84  6:27  Drone x2  
  86  6:39  Drone x3  
  84  6:52  Drone x3  
  86  6:54  Ravager  
  86  6:58  Extractor x2  
  86  7:00  Extractor  
  84  7:01  Drone x3  
  84  7:05  Drone x3  
  90  7:10  Drone x2  
  90  7:15  Drone  
  93  7:19  Hatchery  
  93  7:22  Spire, Overlord  
  91  7:31  Roach x3  
  91  7:32  Overlord x5  
  97  7:40  Queen, Overlord  
  97  7:42  Overlord  
  99  7:49  Roach x3  
  105  7:54  Roach x4  
  105  7:57  Roach  
  105  7:58  Roach x6  
  127  8:02  Roach  
  129  8:07  Roach  
  131  8:13  Roach x2  
Show
View Real Time Build Order
Export as new Build Order

Reynor Zerg - Winner!

Build Orders: Hatch First 

Get SALT Encoding   

  12  0:00  Drone  
  13  0:11  Overlord  
  13  0:16  Drone  
  14  0:30  Drone x2  
  16  0:47  Hatchery  
  15  0:50  Drone  
  15  0:54  Drone  
  17  0:57  Drone  
  18  1:05  Extractor  
  17  1:12  Spawning Pool  
  17  1:15  Drone  
  17  1:18  Drone  
  18  1:27  Drone  
  19  1:38  Drone  
  20  1:48  Drone  
  21  1:59  Queen x2  
  21  2:00  Zergling x2, Drone  
  27  2:07  Metabolic Boost  
  27  2:09  Overlord  
  27  2:12  Drone  
  28  2:28  Zergling x2  
  28  2:29  Drone  
  30  2:34  Drone  
  30  2:35  Hatchery  
  30  2:37  Drone  
  30  2:43  Drone  
  32  2:45  Overlord  
  32  2:53  Zergling x4  
  34  3:04  Zergling x2  
  34  3:05  Zergling x2  
  36  3:08  Zergling x10  
  36  3:09  Zergling x2  
  42  3:18  Overlord  
  42  3:21  Baneling Nest  
  42  3:23  Drone  
  42  3:28  Drone x2  
  44  3:38  Drone x3  
  44  3:39  Overlord  
  47  3:41  Queen  
  47  3:45  Drone x3  
  52  3:48  Drone  
  52  3:52  Overlord  
  52  3:57  Drone  
  50  4:07  Extractor  
  50  4:08  Drone, Roach Warren  
  51  4:15  Zergling x6, Baneling x2  
  52  4:17  Zergling x2  
  52  4:18  Zergling x8  
  52  4:22  Overlord  
  57  4:28  Zergling x4  
  58  4:36  Overlord  
  55  4:48  Roach x6  
  55  4:49  Roach  
  55  4:51  Drone x3  
  72  4:56  Drone  
  72  4:58  Drone  
  72  5:00  Drone  
  72  5:07  Drone  
  74  5:09  Drone x2  
  76  5:17  Baneling  
  76  5:18  Baneling x3  
  76  5:19  Drone x2  
  76  5:20  Drone x2  
  76  5:21  Overlord  
  80  5:24  Zergling x6  
  80  5:27  Drone  
  80  5:28  Baneling, Drone  
  85  5:29  Baneling  
  85  5:30  Overlord  
  85  5:34  Drone x2  
  85  5:35  Drone  
  88  5:42  Overlord  
  87  5:43  Drone  
  87  5:45  Drone  
  87  5:47  Lair  
  86  5:51  Drone x3  
  86  5:53  Overlord  
  86  5:55  Drone x2  
  86  5:57  Drone  
  86  5:59  Drone x2  
  86  6:00  Evolution Chamber  
  86  6:01  Extractor  
  84  6:04  Overlord  
  84  6:05  Drone  
  84  6:08  Drone, Extractor  
  84  6:11  Extractor  
  79  6:15  Drone x2  
  78  6:20  Drone  
  78  6:21  Extractor  
  78  6:26  Roach x2  
  78  6:28  Roach x2, Spine Crawler  
  78  6:29  Roach x2, Spine Crawler  
  78  6:30  Roach x2  
  78  6:31  Roach x3  
  98  6:36  Roach  
  98  6:39  Overlord  
  95  6:43  Roach x2  
  95  6:46  Glial Reconstitution  
  98  6:49  Roach  
  98  6:52  Roach  
  102  6:56  Overlord  
  102  6:58  Roach x4  
  102  7:00  Roach x2  
  115  7:06  Roach x4  
  115  7:08  Roach  
  125  7:09  Hatchery  
  125  7:13  Overlord  
  125  7:14  Roach  
  126  7:16  Roach  
  128  7:25  Roach x4, Overlord  
  128  7:27  Roach x2  
  140  7:33  Roach x3  
  140  7:35  Roach  
  140  7:36  Roach  
  150  7:37  Roach  
  150  7:39  Roach  
  154  7:44  Roach  
  154  7:48  Overlord  
  154  7:51  Roach  
  158  7:55  Roach x2  
  158  7:57  Overlord  
  162  8:06  Overlord  
  162  8:08  Roach x4  
  162  8:11  Overlord  
  170  8:18  Roach x5  
Tags
 
Add a new tag
Caveats
  • Supply blocks, unpowered buildings, or Contaminate may cause inaccurate times.
  • Supply counts are checked every 10 seconds.